 Dungeon Crawl Stone Soup version 0.20.1-1-g8b1a95d66d (webtiles) character file.

115 Peloso the Shield-Bearer (level 5, -3/36 HPs)
             Began as a Halfling Fighter on Nov 17, 2017.
             Killed by divine providence
             ... invoked by an orc priest
              (13 damage)
             ... on level 3 of the Dungeon.
             The game lasted 00:05:21 (1882 turns).

Peloso the Shield-Bearer (Halfling Fighter)         Turns: 1882, Time: 00:05:21

Health: -3/36      AC: 10    Str: 23    XL:     5   Next: 20%
Magic:  5/5        EV:  8    Int:  6    God:
Gold:   62         SH: 10    Dex: 14    Spells: 4/4 levels left

rFire    . . .     SeeInvis .   a - +0 long sword
rCold    + . .     Gourm    .   c - +0 shield
rNeg     . . .     Faith    .   b - +0 chain mail
rPois    .         Spirit   .   k - +1 hat
rElec    .         Reflect  .   (no cloak)
rCorr    .         Harm     .   (no gloves)
MR       .....     Rnd*Tele +   (no boots)
Stlth    ..........             (no amulet)
Regen    0.2/turn               g - ring of teleportation (curse)
MPRegen  0.1/turn               m - ring of protection from cold

@: mighty
A: mutation resistance 1
a: no special abilities


You were on level 3 of the Dungeon.
You were hungry.

You visited 1 branch of the dungeon, and saw 3 of its levels.

You collected 62 gold pieces.

Inventory:

Hand Weapons
 a - a +0 long sword (weapon)
Armour
 b - a +0 chain mail (worn)
 c - a +0 shield (worn)
 k - a +1 hat (worn)
Jewellery
 g - a cursed ring of teleportation (left hand)
 m - a ring of protection from cold (right hand)
 n - an uncursed ring of wizardry
Wands
 v - a wand of flame (19/48)
 x - a wand of lightning (4/15)
Scrolls
 e - 5 scrolls of identify {unknown}
 h - 2 scrolls of fear {unknown}
 i - 2 scrolls of teleportation {unknown}
 o - a scroll of remove curse {unknown}
 p - 2 scrolls of amnesia {unknown}
 r - a scroll of recharging {unknown}
 s - 2 scrolls of enchant weapon {unknown}
Potions
 j - a potion of lignification {unknown}
 l - a potion of haste {unknown}
 t - a potion of heal wounds {unknown}
 w - a potion of degeneration {unknown}
Comestibles
 f - 4 bread rations
 q - a royal jelly
 u - a meat ration


   Skills:
 + Level 3.0 Fighting
 + Level 3.3 Long Blades
 + Level 4.0 Armour
 + Level 1.0 Dodging
 + Level 4.1 Shields


You had 4 spell levels left.
You didn't know any spells.

Dungeon Overview and Level Annotations

Branches:
Dungeon (3/15)

Altars:
Ashenzari


Innate Abilities, Weirdness & Mutations

You are small and have problems with some larger weapons.
You are somewhat resistant to further mutation.


Message History

You feel very mighty all of a sudden. You block the orc's attack.
The orc priest hits you but does no damage.
You hit the orc priest.
The orc priest is lightly wounded.
You block the orc's attack.
The orc priest invokes the aid of Beogh against you.
Pain shoots through your body!
* * * LOW HITPOINT WARNING * * *
Your shield and chain mail prevent you from hitting the orc priest.
The orc priest is lightly wounded.
The orc priest looks encouraged for a moment.
The orc hits you but does no damage.
You slash the orc priest!
The orc priest is heavily wounded.
You block the orc priest's attack. The orc completely misses you.
The orc hits you but does no damage. x2; You block the orc's attack.
The orc priest invokes the aid of Beogh against you.
Beogh smites you!
You die...

..............>.#
.#.####....<....#
.#[# #......#..#
†#.# ##.#########
.#.#######.......##
.#....###.⌠#####⌠.#
.####...#.##...##.#
.. #.###.#.⌠.⌠o#)#
#...#'#...#..>.o@o#
#......†#.#.⌠.⌠o#.#
#.......#.##...##.#
#......<#.⌠#### ⌠.#
#.......##.. ..##
#........ ### ###
#...###### #...
#...


You could see an orc priest and 3 orcs.

Vanquished Creatures
  4 adders
  2 oozes (D:2)
  A worm (D:3)
  3 dart slugs
  A leopard gecko (D:3)
  An orc (D:3)
  8 bats
  3 giant cockroaches
  8 goblins
  8 hobgoblins
  6 kobolds
  A quokka (D:3)
  5 frilled lizards
  12 rats
63 creatures vanquished.

Notes
Turn   | Place    | Note
-------+----------+-------------------------------------------
     0 | D:1      | Peloso the Halfling Fighter began the quest for the Orb.
     0 | D:1      | Reached XP level 1. HP: 15/15 MP: 1/1
   113 | D:1      | Reached XP level 2. HP: 20/20 MP: 2/2
   428 | D:1      | Reached XP level 3. HP: 25/25 MP: 3/3
   843 | D:2      | Reached XP level 4. HP: 30/30 MP: 4/4
  1370 | D:3      | Reached skill level 1 in Dodging
  1449 | D:3      | Reached XP level 5. HP: 35/36 MP: 5/5
  1634 | D:3      | Found a shattered altar of Ashenzari.
  1882 | D:3      | Killed from afar by an orc priest

Skill      XL: |  1  2  3  4  5 |
---------------+----------------+-----
Fighting       | 3 |  3.0
Long Blades    | 3 |  3.3
Dodging        | 1 |  1.0
Armour         | 4 |  4.0
Shields        | 4 |  4.1

Action                   |  1- 3 |  4- 6 || total
-------------------------+-------+-------++-------
Melee: Long sword        |    94 |   123 ||   217
  Use: Potion            |       |     1 ||     1
  Eat: Chunk             |       |     3 ||     3
Armor: Scale mail        |    33 |       ||    33
       Chain mail        |    12 |    70 ||    82
Dodge: Dodged            |    33 |    41 ||    74
Block: Shield            |    45 |    85 ||   130
       Rpst.: Long sword |     7 |    11 ||    18
